 Dungeon Crawl Stone Soup version 0.27-a0-1105-g946c659c87 (webtiles) character file.

Game seed: 9915693866065243038

12485 karkarkar the Blocker (level 11, -3/68 HPs)
             Began as a Gargoyle Fighter on Apr 29, 2021.
             Was an Initiate of Gozag.
             Slain by an orc warlord
             ... wielding a +1 war axe of draining
              (17 damage)
             ... on level 10 of the Dungeon.
             The game lasted 02:02:51 (19816 turns).

karkarkar the Blocker (Gargoyle Fighter)           Turns: 19816, Time: 02:02:51

Health: -3/68      AC: 30    Str: 21      XL:     11   Next: 94%
Magic:  11/11      EV: 10    Int:  9 (10) God:    Gozag
Gold:   151        SH: 11    Dex: 10      Spells: 10/10 levels left

rFire    + + .     SeeInvis .   M - +4 war axe
rCold    + . .     Faith    .   c - +0 kite shield
rNeg     + . .     Spirit   .   J - +1 plate armour of the Thirsty Runes {rF+}
rPois    ∞         Reflect  .   p - +0 helmet
rElec    +         Harm     .   K - +0 cloak
rCorr    +         Rampage  .   j - +1 pair of gloves
Will     +....                  E - +0 pair of boots
Stlth    ..........             (no amulet)
HPRegen  0.21/turn              u - +4 ring of evasion
MPRegen  0.12/turn              I - ring of willpower

@: resistant
A: AC +8, negative energy resistance 1, electricity resistance, torment
resistance 1, unbreathing 1, petrification resistance
a: Renounce Religion, Potion Petition, Call Merchant, Bribe Branch


You were on level 10 of the Dungeon.
You worshipped Gozag.
Gozag was aware of your devotion.
You visited 4 branches of the dungeon, and saw 16 of its levels.

You collected 1785 gold pieces.
You spent 94 gold pieces at shops.
You paid 1540 gold pieces to Gozag.

Inventory:

Hand Weapons
 d - a +2 quarterstaff of chaos
 g - a +4 falchion
 m - a +1 vorpal broad axe
 y - a +5 whip
 M - a +4 war axe (weapon)
Missiles
 o - a curare-tipped dart
 t - 54 poisoned darts (quivered)
 A - a throwing net
 O - 3 boomerangs of dispersal
Armour
 c - a +0 kite shield (worn)
 j - a +1 pair of gloves (worn)
 p - a +0 helmet (worn)
 D - a +2 ring mail of poison resistance
 E - a +0 pair of boots (worn)
 J - the +1 plate armour of the Thirsty Runes (worn) {rF+}
   (You found it on level 10 of the Dungeon)

   It protects you from fire.
 K - a +0 cloak (worn)
Magical Staves
 a - a staff of poison
 w - a staff of air
 C - a staff of conjuration
Jewellery
 q - a ring of resist corrosion
 r - a ring of ice
 u - a +4 ring of evasion (left hand)
 G - a +4 ring of evasion
 I - a ring of willpower (right hand)
 P - an amulet of magic regeneration
Wands
 b - a wand of mindburst (17)
 e - a wand of acid (12)
 s - a wand of iceblast (12)
 z - a wand of paralysis (2)
 B - a wand of charming (5)
 R - a wand of polymorph (10)
Scrolls
 f - 3 scrolls of magic mapping
 i - 4 scrolls of noise
 k - 2 scrolls of amnesia
 l - a scroll of vulnerability
 n - a scroll of teleportation
 v - 2 scrolls of immolation
 x - a scroll of enchant weapon
 L - a scroll of silence
Potions
 F - a potion of ambrosia {unknown}
 N - a potion of brilliance
 Q - a potion of attraction {unknown}
 S - a potion of haste
 T - a potion of berserk rage {unknown}


   Skills:
 + Level 7.8 Fighting
 + Level 8.8 Long Blades
 * Level 5.1(6.2) Axes
 * Level 5.9(7.0) Maces & Flails
 + Level 0.2 Throwing
 + Level 9.6 Armour
 + Level 2.2 Dodging
 + Level 2.9 Stealth
 + Level 9.8 Shields
 + Level 0.4 Evocations


You had 10 spell levels left.
You didn't know any spells.
Your spell library contained the following spells:

 Spells                   Type           Power      Damage    Failure   Level
 Animate Skeleton         Necr           0%         N/A       100%        1
 Pain                     Necr           0%         1d4       100%        1
 Summon Small Mammal      Summ           0%         N/A       100%        1
 Call Imp                 Summ           0%         N/A       100%        2
 Call Canine Familiar     Summ           0%         N/A       100%        3
 Confusing Touch          Hex            0%         N/A       100%        3
 Gell's Gravitas          Tloc           0%         N/A       100%        3
 Summon Guardian Golem    Hex/Summ       0%         N/A       100%        3
 Vampiric Draining        Necr           0%         2d6       100%        3
 Animate Dead             Necr           0%         N/A       100%        4
 Petrify                  Tmut/Erth      0%         N/A       100%        4
 Summon Ice Beast         Ice/Summ       0%         N/A       100%        4
 Summon Lightning Spire   Summ/Air       0%         N/A       100%        4
 Agony                    Necr           0%         N/A       100%        5
 Metabolic Englaciation   Hex/Ice        0%         N/A       100%        5
 Yara's Violent Unravell  Hex/Tmut       0%         3d3       100%        5


Dungeon Overview and Level Annotations

Branches:
Dungeon (13/15)            Temple (1/1) D:6            Lair (1/6) D:9
    Orc (1/2) D:10
 Vaults: D:13-14

Altars:
Ashenzari
Dithmenos
Elyvilon
Fedhas
Gozag
Nemelex Xobeh
Ru
Sif Muna
Trog
Wu Jian
The Shining One

Shops:
D:3 *   D:6 *   D:12 (

Annotations:
D:8 Maurice
D:13 Erolcha
Lair:1 exclusion: oklob plant


Innate Abilities, Weirdness & Mutations

Your stone body is resilient. (AC +8)
You are immune to poison.
You resist negative energy. (rN+)
You are resistant to electric shocks. (rElec)
You are resistant to unholy torment.
You can survive without breathing.
You are immune to petrification.


Message History

The orc warlord hits you with a +1 war axe of draining! x2
* * * LOW HITPOINT WARNING * * *
You feel better. The orc warlord barely misses you.
You slash the orc warlord!
The orc warlord is severely wounded.
The orc warlord hits you but does no damage.
Your plate armour of the Thirsty Runes prevents you from hitting the orc warlord.
The orc warlord is severely wounded.
The orc warlord barely misses you.
You hit the orc warlord.
The orc warlord is severely wounded.
You block the orc warlord's attack.
The orc warlord hits you with a +1 war axe of draining!!
* * * LOW HITPOINT WARNING * * *
(D) Dungeon (T) Temple (L) Lair (O) Orcish Mines
Where to? (? - help)
Okay, then.
You feel better. You block the orc warlord's attack.
You hit the orc warlord but do no damage.
The orc warlord is severely wounded.
You block the orc warlord's attack.
You hit the orc warlord.
The orc warlord is severely wounded.
You block the orc warlord's attack.
Okay, then.
Aiming: Mindburst
Press: ? - help, Shift-Dir - straight line, f - orc warlord
Aim: an orc warlord, wielding a +1 war axe of draining and wearing a +0 chain mail (severely wounded, chance to affect: 32%)
The orc warlord's mind is blasted!
The orc warlord closely misses you.
You slash the orc warlord!
The orc warlord is almost dead.
The orc warlord hits you but does no damage.
You hit the orc warlord.
The orc warlord is almost dead.
The orc warlord completely misses you. You block the orc warlord's attack.
You hit the orc warlord but do no damage.
The orc warlord is almost dead.
The orc warlord hits you with a +1 war axe of draining!
You die...
Your body crumbles into a pile of gold.

###...###.<.....###..............
#................##..............
#.........)......#......#........
.....<(................##........
#..###..........#.....##.........
#### #..........#.###............
#............##.............
####.....#...........(......
###........@o....)..........
#####.##........................
#.#............#................
##.#......##....#..........##.#..
#.........##................#....
##........#..)##............#....
#............##...........##.###
##..............................
#.....##.......##..............


You could see an orc warlord.

Vanquished Creatures
  2 two-headed ogres
  An orc high priest (D:10)
  2 cyclopes
  A manticore (D:11)
  Maggie (Lair:1)
  2 cane toads (Lair:1)
  2 kobold demonologists (D:9)
  A troll (D:12)
  A blink frog (Lair:1)
  A hornet (D:8)
  9 yaks
  2 wyverns (D:8)
  A hog (shapeshifter) (D:10)
  A basilisk (Lair:1)
  A steam dragon (D:6)
  2 vampire mosquitoes (D:12)
  A warg (D:10)
  2 acid dragons
  4 water moccasins
  6 orc warriors
  2 black bears
  An ice beast (D:7)
  2 necrophages
  An ogre (D:4)
  2 centaurs
  2 phantoms
  2 kobold brigands
  2 bullfrogs
  2 gnoll sergeants
  2 scorpions
  A water moccasin zombie (D:6)
  2 water moccasin skeletons (D:5)
  10 killer bees
  8 wights (D:7)
  4 electric eels (D:9)
  5 centaur zombies
  4 orc priests
  2 jellies
  A hound (D:4)
  A bullfrog skeleton (D:7)
  A centaur skeleton (D:7)
  Crazy Yiuf (D:7)
  4 iguanas
  A gnoll shaman (D:9)
  13 orc wizards
  14 gnolls
  12 adders
  4 white imps
  2 ufetubi
  3 worms
  4 dart slugs
  37 orcs
  8 ball pythons
  6 bats
  9 endoplasms
  5 giant cockroaches
  6 goblins
  8 hobgoblins
  18 jackals
  3 quokkas
  12 frilled lizards
  13 kobolds
  7 rats
290 creatures vanquished.

Vanquished Creatures (others)
  A shadow imp (D:6)
  3 fungi
  12 plants
16 creatures vanquished.

Grand Total: 306 creatures vanquished

Notes
Turn   | Place    | Note
-------+----------+-------------------------------------------
     0 | D:1      | karkarkar the Gargoyle Fighter began the quest for the Orb.
     0 | D:1      | Reached XP level 1. HP: 14/14 MP: 1/1
    97 | D:1      | Reached XP level 2. HP: 16/19 MP: 2/2
   555 | D:1      | Reached XP level 3. HP: 23/23 MP: 3/3
  1482 | D:2      | Reached XP level 4. HP: 26/28 MP: 4/4
  1966 | D:2      | Noticed a necrophage
  1981 | D:2      | Killed a necrophage
  1982 | D:2      | Reached skill level 1 in Dodging
  1982 | D:2      | Reached XP level 5. HP: 16/33 MP: 5/5
  2559 | D:3      | Found a faded altar of an unknown god.
  2585 | D:3      | Reached XP level 6. HP: 38/38 MP: 6/6
  2591 | D:3      | Found Uneack's Assorted Antiques.
  2615 | D:3      | Bought a brown potion for 23 gold pieces
  2615 | D:3      | Bought a fuming coppery potion for 23 gold pieces
  2615 | D:3      | Bought a scroll labelled RIOJYR KOTOPRE for 26 gold pieces
  3555 | D:4      | Reached skill level 1 in Long Blades
  4466 | D:5      | Entered Level 5 of the Dungeon
  4523 | D:5      | Reached XP level 7. HP: 40/43 MP: 7/7
  4768 | D:5      | Reached skill level 5 in Armour
  5395 | D:5      | Reached skill level 5 in Shields
  5651 | D:5      | Reached XP level 8. HP: 48/48 MP: 8/8
  5660 | D:5      | Found a sacrificial altar of Ru.
  5801 | D:5      | Reached skill level 1 in Stealth
  6178 | D:6      | Reached skill level 5 in Fighting
  6216 | D:6      | Reached skill level 5 in Long Blades
  6691 | D:6      | Reached XP level 9. HP: 51/54 MP: 9/9
  6729 | D:6      | Found a staircase to the Ecumenical Temple.
  6739 | Temple   | Entered the Ecumenical Temple
  6795 | Temple   | Became a worshipper of Gozag Ym Sagoz the Greedy
  6928 | D:6      | Found Core's General Store.
  6936 | D:6      | Bought a scroll of identify for 22 gold pieces
  7019 | D:6      | Found a blossoming altar of Fedhas.
  8011 | D:7      | Found a runed translucent door.
  8012 | D:7      | Noticed Crazy Yiuf
  8025 | D:7      | Killed Crazy Yiuf
  9707 | D:8      | Reached XP level 10. HP: 56/61 MP: 10/10
 10384 | D:8      | Noticed Maurice
 10800 | D:9      | Found a staircase to the Lair.
 11286 | D:9      | Noticed a two-headed ogre
 11324 | D:9      | Killed a two-headed ogre
 11827 | D:9      | Noticed a catoblepas
 12167 | D:9      | HP: 3/63 [catoblepas/blast of calcifying dust (5)]
 12503 | D:9      | Upgraded the game from 0.27-a0-1101-ge311f74bc8 to
                  | 0.27-a0-1105-g946c659c87
 13702 | D:10     | Entered Level 10 of the Dungeon
 13722 | D:10     | Found a shimmering blue altar of Sif Muna.
 13722 | D:10     | Found a broken altar of Ashenzari.
 13735 | D:10     | Noticed a kobold demonologist
 13739 | D:10     | Noticed a kobold demonologist
 13740 | D:10     | Noticed a sun demon
 13742 | D:10     | Noticed a rust devil
 13746 | D:10     | Noticed a smoke demon
 13908 | Lair:1   | Entered Level 1 of the Lair of Beasts
 14017 | Lair:1   | Noticed Maggie
 14037 | Lair:1   | Killed Maggie
 14038 | Lair:1   | Reached XP level 11. HP: 50/67 MP: 11/11
 15019 | D:10     | Reached skill level 5 in Maces & Flails
 15053 | D:10     | Found a staircase to the Orcish Mines.
 15065 | D:10     | Reached skill level 1 in Axes
 15296 | D:10     | Identified the +1 plate armour of the Thirsty Runes {rF+}
 16182 | Lair:1   | Noticed an oklob plant
 16704 | D:11     | Noticed a two-headed ogre
 16827 | D:11     | Noticed a manticore
 17131 | D:11     | Killed a manticore
 17596 | D:11     | Found a shadowy altar of Dithmenos.
 17627 | D:11     | Noticed a cyclops
 17641 | D:11     | Killed a cyclops
 17964 | D:12     | Noticed a cyclops
 18022 | D:12     | Killed a cyclops
 18334 | D:12     | Noticed a four-headed hydra
 18483 | D:12     | Noticed a two-headed ogre
 18493 | D:12     | Killed a two-headed ogre
 18701 | D:13     | Noticed Erolcha
 19057 | Orc:1    | Entered Level 1 of the Orcish Mines
 19059 | Orc:1    | Noticed an orc high priest
 19059 | Orc:1    | Noticed an orc warlord
 19089 | D:10     | Killed an orc high priest
 19090 | D:10     | Reached skill level 5 in Axes
 19440 | Orc:1    | Noticed an orc knight
 19816 | D:10     | Slain by an orc warlord

Illustrated notes

Levels and vault maps discovered:
D:1:      tarquinn_simple_flora_water_b, layout_basic, minmay_lizard_king
D:2:      layout_loops_corners
D:3:      layout_basic, serial_shops, nicolae_shop_overgrown_old_shop,
          hellmonk_ecumenical_altar_slurped_away, kennysheep_generic_room_13
D:4:      layout_layer_cave
D:5:      layout_loops_ring, nicolae_ru_great_annihilating_truth,
          chequers_serial_rivers_large_b
D:6:      layout_basic, lemuel_tele_altar, lemuel_temple_firewalk_b,
          serial_shops, shop
D:7:      layout_cave_pools, chequers_serial_rivers_large_a, roderic_lattice_a,
          uniq_crazy_yiuf_cottage
D:8:      layout_basic, uniq_maurice
D:9:      layout_basic, dpeg_oklobed_lair
D:10:     layout_cave_pools, chequers_temple_overflow_statue_of_worship,
          david_orc_2
D:11:     layout_rooms, nicolae_dithmenos_the_darkroom
D:12:     layout_irregular_city, kennysheep_generic_room_16
D:13:     layout_basic, erik_vaults_2, uniq_jorgrun, uniq_erolcha
Temple:   hc_temple_tempest_star
Lair:1:   layout_chaotic_city, minmay_lair_oklob_chamber, uniq_maggie
Orc:1:    layout_diamond_mine, elf_legates

Skill      XL: |  1  2  3  4  5  6  7  8  9 10 11 |
---------------+----------------------------------+-----
Shields        | 4 5 6 7 9 |  9.8
Maces & Flails | 3 4 5 |  5.9
Dodging        | 1 2 |  2.2
Armour         | 4 5 6 7 8 9 |  9.6
Long Blades    | 2 4 5 7 8 |  8.8
Fighting       | 4 5 6 7 |  7.8
Stealth        | 1 2 |  2.9
Axes           | 5 |  5.1
Throwing       | |  0.2
Evocations     | |  0.4

Action                   |  1- 3 |  4- 6 |  7- 9 | 10-12 || total
-------------------------+-------+-------+-------+-------++-------
Melee: Flail             |   175 |   114 |       |       ||   289
       Falchion          |       |   131 |   476 |   394 ||  1001
       Whip              |       |       |       |    64 ||    64
       Broad axe         |       |       |       |   167 ||   167
       War axe           |       |       |       |   106 ||   106
Throw: Dart              |       |       |       |     5 ||     5
Invok: Potion Petition   |       |       |       |     2 ||     2
       Call Merchant     |       |       |       |     1 ||     1
Evoke: Wand              |       |       |     1 |    11 ||    12
  Use: Scroll            |     3 |     5 |     5 |    10 ||    23
       Potion            |       |     2 |     4 |    11 ||    17
 Stab: Paralysed         |       |       |     2 |     5 ||     7
       Distracted        |       |       |       |     2 ||     2
Armor: Scale mail        |   109 |    93 |       |       ||   202
       Plate armour      |       |    78 |   355 |   446 ||   879
       Skin              |       |     1 |       |    31 ||    32
Dodge: Dodged            |    70 |    72 |    93 |   246 ||   481
Block: Kite shield       |   120 |   132 |   284 |   468 ||  1004
       Rpst.: Falchion   |       |    10 |    26 |    25 ||    61

Table legend: (Time is in decaauts)
 A = Elapsed time spent in this place.
 B = Non-inter-level travel time spent in this place.
 C = Inter-level travel time spent in this place.
 D = Time resting spent in this place.
 E = Time spent auto-exploring this place.
 F = Levels seen in this place.
 G = Mean time per level.
                   A        B        C        D        E       F      G
               +--------+--------+--------+--------+--------+-----+--------+
         Total |  20321 |  20031 |    290 |   3998 |   7118 |  16 | 1270.1 |
       Dungeon |  18936 |  18655 |    281 |   3837 |   6960 |  13 | 1456.6 |
        Temple |     81 |     81 |      0 |      0 |     10 |   1 |   81.0 |
          Lair |   1290 |   1281 |      9 |    161 |    148 |   1 | 1290.0 |
  Orcish Mines |     13 |     13 |      0 |      0 |      0 |   1 |   13.0 |
               +--------+--------+--------+--------+--------+-----+--------+

Top non-repeatable levels by time:
     D:9: 3500 daAuts
     D:8: 2146 daAuts
     D:6: 1717 daAuts
    D:10: 1635 daAuts
     D:1: 1525 daAuts
     D:4: 1509 daAuts
     D:5: 1468 daAuts
     D:7: 1370 daAuts
  Lair:1: 1290 daAuts
    D:11: 1166 daAuts
     D:2: 1114 daAuts
    D:12: 1080 daAuts
     D:3: 674 daAuts
  Temple: 81 daAuts
    D:13: 26 daAuts
